[Event "Titled Tuesday Blitz September 13 Early 2022"]
[White "Seo, Jung Min"]
[Black "Neiksans, Arturs"]
[WhiteFideId "1734687"]
[BlackFideId "11601388"]
[WhiteElo "2455"]
[BlackElo "2463"]
[Result "1-0"]
[Round "04"]
[TimeControl "180+1"]
[Date "2022.09.13"]
[WhiteClock "0:00:19"]
[BlackClock "0:00:02"]

1. e4 c5 2. Nf3 e6 3. c3 Nf6 4. e5 Nd5 5. d4 cxd4 6. cxd4 d6 7. Bd3 Be7 8. O-O b6 9. Qe2 Nb4 10. Bb5+ Bd7 11. a3 Nd5 12. Bc4 Bc6 13. exd6 Bxd6 14. Ne5 O-O 15. Rd1 Bb7 16. Bxd5 Bxd5 17. Nc3 Bb7 18. d5 Bxe5 19. Qxe5 Nd7 20. Qd6 e5 21. Qb4 Nc5 22. Be3 Rc8 23. a4 Ba6 24. a5 Nd3 25. Qa3 Ra8 26. axb6 axb6 27. Qb3 Nc5 28. Bxc5 bxc5 29. d6 Rb8 30. Qa3 Bb7 31. Qxc5 Qg5 32. Nd5 h5 33. Qe3 Qxe3 34. Ne7+ Kh7 35. fxe3 Rfd8 36. Rd2 Be4 37. Ra7 Rb6 38. d7 Re6 39. Nc8 Bc6 40. Rc7 Rf6 41. Na7 Be4 42. Rc8 Rxd7 43. Rxd7 Bf5 44. Rcc7 Bxd7 45. Rxd7 Ra6 46. Nb5 Ra1+ 47. Kf2 Rb1 48. Rd2 f5 49. Nc3 Rc1 50. Ne2 Rb1 51. h4 g5 52. hxg5 Kg6 53. Ng1 Kxg5 54. Nf3+ Kf6 55. Rd6+ Ke7 56. Rb6 f4 57. e4 1-0


[Site "https://www.chess.com"]

[Event "Titled Tuesday Blitz September 13 Early 2022"]
[White "Shyaamnikhil P"]
[Black "Terry, Renato"]
[WhiteFideId "5024218"]
[BlackFideId "3803457"]
[WhiteElo "2273"]
[BlackElo "2577"]
[Result "0-1"]
[Round "04"]
[TimeControl "180+1"]
[Date "2022.09.13"]
[WhiteClock "0:00:14"]
[BlackClock "0:00:11"]

1. d4 d5 2. Nf3 Nf6 3. Bf4 c5 4. e3 Nc6 5. Nbd2 cxd4 6. exd4 Bg4 7. c3 e6 8. Qb3 Qb6 9. Ne5 Bf5 10. Be2 Be7 11. h4 h5 12. Qxb6 axb6 13. a3 Nd7 14. Nxd7 Kxd7 15. Nf1 Na5 16. Ne3 Bg6 17. Bb5+ Nc6 18. Rd1 Ra5 19. Be2 Rc8 20. f3 Bf6 21. g4 Rh8 22. g5 Be7 23. Ng2 Bf5 24. Be3 g6 25. Nf4 Bc2 26. Rd2 Ba4 27. Nd3 Bb5 28. Bf4 Bc4 29. Ne5+ Nxe5 30. Bxe5 Rc8 31. Bd1 Rca8 32. Kf2 Rb5 33. f4 Bb3 34. Bf3 Kc6 35. Re1 Bf8 36. Kg3 Bc4 37. Bf6 Bb3 38. Ree2 Rba5 39. Rf2 Re8 40. Be5 Raa8 41. Rfe2 Kb5 42. Re3 Ka4 43. Be2 Rac8 44. Kf2 Red8 45. Bf6 Rd6 46. Bf1 Rdc6 47. Be2 R6c7 48. Bf1 Bc4 49. Bg2 Ra8 50. Bf3 Rcc8 51. Bd1+ Bb3 52. Be2 Bd6 53. Be5 Be7 54. Bf3 Bf8 55. Be2 Rc6 56. Bf3 Rac8 57. Be2 b5 58. Bf1 Bc4 59. Bg2 Be7 60. Bf3 Rf8 61. Kg3 Ra8 62. Bd1+ Bb3 63. Be2 Rac8 64. Bf3 b4 65. axb4 Kb5 66. Be2+ Kb6 67. Kf2 Ra8 68. Bf1 Rcc8 69. Re1 Ra2 70. Rc1 Bxb4 71. Ke3 Be7 72. Bd3 Rca8 73. Rb1 Ra1 74. Re2 Rxb1 75. Bxb1 Ra1 76. Bd3 Rh1 77. Kd2 Rxh4 78. Re1 Rh2+ 79. Ke3 Rh3+ 80. Kd2 Rh2+ 81. Ke3 Rxb2 82. Ra1 Ba2 83. c4 dxc4 84. Be4 c3 85. d5 Bc5+ 86. Kf3 exd5 0-1


[Site "https://www.chess.com"]

[Event "Titled Tuesday Blitz September 13 Early 2022"]
[White "Solon, Nathan"]
[Black "Harsha Bharathakoti"]
[WhiteFideId "2017229"]
[BlackFideId "5078776"]
[WhiteElo "2613"]
[BlackElo "2523"]
[Result "0-1"]
[Round "04"]
[TimeControl "180+1"]
[Date "2022.09.13"]
[WhiteClock "0:00:47"]
[BlackClock "0:01:04"]

1. e4 c5 2. Nf3 Nc6 3. d3 g6 4. g3 Bg7 5. Bg2 e5 6. O-O Nge7 7. c3 O-O 8. Re1 d6 9. a3 a5 10. a4 h6 11. Na3 f5 12. exf5 gxf5 13. Nb5 Ng6 14. Qb3+ Kh7 15. Qd5 Rf6 16. Be3 Nce7 17. Qb3 f4 18. Bd2 Bg4 19. Rf1 Qd7 20. Bc1 Raf8 21. Nd2 f3 22. Bh1 Nf4 23. gxf4 Rg6 24. Ne4 exf4 25. Re1 Be6+ 0-1


[Site "https://www.chess.com"]

[Event "Titled Tuesday Blitz September 13 Early 2022"]
[White "Svane, Rasmus"]
[Black "Visakh N R"]
[WhiteFideId "4657101"]
[BlackFideId "25012223"]
[WhiteElo "2674"]
[BlackElo "2448"]
[Result "0-1"]
[Round "04"]
[TimeControl "180+1"]
[Date "2022.09.13"]
[WhiteClock "0:00:01"]
[BlackClock "0:00:08"]

1. Nf3 d5 2. g3 Nd7 3. d4 Nb6 4. Nc3 Nf6 5. Bg2 c6 6. O-O g6 7. Nd2 Bg7 8. a4 a5 9. Nb3 O-O 10. e4 dxe4 11. Nxe4 Nxe4 12. Bxe4 Be6 13. c3 Bd5 14. Nc5 Bxe4 15. Nxe4 e5 16. dxe5 Qxd1 17. Rxd1 Bxe5 18. Nc5 Rab8 19. Bh6 Rfe8 20. Nd7 Nxd7 21. Rxd7 Red8 22. Rad1 Rxd7 23. Rxd7 b5 24. axb5 cxb5 25. Rd5 Bf6 26. Rd6 Be7 27. Ra6 a4 28. Bf4 Rb7 29. Be5 f5 30. c4 a3 31. bxa3 bxc4 32. a4 Bb4 33. Rc6 c3 34. Bxc3 Bxc3 35. Rxc3 Rb1+ 36. Kg2 Ra1 37. Rc8+ Kf7 38. Rc7+ Kf6 39. Ra7 g5 40. Ra6+ Kg7 41. h3 h5 42. a5 g4 43. h4 Kh7 44. Ra7+ Kg6 45. Ra8 Kg7 46. a6 Kh7 47. Rf8 Rxa6 48. Rxf5 Kg6 49. Rg5+ Kh6 50. Re5 Rb6 51. Kf1 Rb2 52. Re2 Rb1+ 53. Kg2 Rb6 54. Rc2 Ra6 55. Kf1 Kg6 56. Ke2 Re6+ 57. Kd3 Rf6 58. Ke4 Rf3 59. Ke5 Rf5+ 60. Kd4 Rf3 61. Rb2 Kg7 62. Ke4 Kg6 63. Rb6+ Kg7 64. Rb5 Kg6 65. Rg5+ Kh6 66. Rf5 Ra3 67. Rf6+ Kg7 68. Rf5 Kg6 69. Rf4 Ra4+ 70. Ke5 Ra5+ 71. Kd6 Ra6+ 72. Kc5 Ra5+ 73. Kb4 Rf5 74. Rxf5 Kxf5 75. Kc3 Ke4 76. Kd2 Kd4 77. Kc2 Kc4 78. Kd1 Kd5 79. Ke1 Ke5 80. Kf1 Kf5 81. Ke2 Ke4 82. Kd2 Kd4 83. Ke1 Ke5 84. Kf1 Kf5 85. Kg2 Ke4 86. Kg1 Ke5 87. f3 gxf3 88. Kf1 Kf5 89. Kg1 Ke5 90. Kf1 Kd4 91. Kf2 Ke4 92. Kf1 Ke3 93. Ke1 f2+ 0-1


[Site "https://www.chess.com"]

[Event "Titled Tuesday Blitz September 13 Early 2022"]
[White "Timmermans, Mark"]
[Black "Milikow, Yoav"]
[WhiteFideId "1026399"]
[BlackFideId "2822237"]
[WhiteElo "2460"]
[BlackElo "2341"]
[Result "0-1"]
[Round "04"]
[TimeControl "180+1"]
[Date "2022.09.13"]
[WhiteClock "0:00:48"]
[BlackClock "0:00:18"]

1. Nf3 d5 2. g3 g6 3. Bg2 Bg7 4. O-O e5 5. d3 Ne7 6. c4 d4 7. b4 O-O 8. a4 c5 9. bxc5 Na6 10. Ba3 Nc6 11. Nbd2 f5 12. Nb3 Re8 13. Nfd2 Bf8 14. Bd5+ Be6 15. e4 dxe3 16. fxe3 Bxd5 17. cxd5 Qxd5 18. Qc2 Rad8 19. e4 Qxd3 20. Qxd3 Rxd3 21. exf5 e4 22. f6 Kf7 23. Rab1 Re6 24. Rfe1 e3 25. Nf3 Rxf6 26. Ng5+ Kg8 27. Bb2 Rf5 28. Nc1 Rd2 29. Ne4 Nxc5 30. Nf6+ Kf7 31. Ng4 Nxa4 32. Nxe3 Rxb2 33. Rxb2 Nxb2 34. Nxf5 gxf5 35. Nb3 a5 36. Rb1 Nc4 37. Rc1 b5 0-1


[Site "https://www.chess.com"]

[Event "Titled Tuesday Blitz September 13 Early 2022"]
[White "Vaibhav Jayant Raut"]
[Black "Paravyan, David"]
[WhiteFideId "5089034"]
[BlackFideId "4194985"]
[WhiteElo "2122"]
[BlackElo "2555"]
[Result "0-1"]
[Round "04"]
[TimeControl "180+1"]
[Date "2022.09.13"]
[WhiteClock "0:00:06"]
[BlackClock "0:00:56"]

1. e4 e5 2. Nf3 Nf6 3. Nxe5 d6 4. Nf3 Nxe4 5. Nc3 Nxc3 6. dxc3 Be7 7. Be3 O-O 8. Bd3 Nd7 9. Qd2 Re8 10. O-O-O Nf6 11. h3 Bd7 12. Rhg1 c5 13. g4 Bc6 14. Nh4 c4 15. Bf5 Nd5 16. Ng2 Qa5 17. Kb1 g6 18. Nf4 Nxe3 19. fxe3 Qe5 20. Rdf1 Bf6 21. g5 Bg7 22. Bg4 Qxe3 23. Qxd6 Be5 24. Qd1 Bxf4 25. Re1 Qc5 26. Ref1 Rad8 0-1


[Site "https://www.chess.com"]

[Event "Titled Tuesday Blitz September 13 Early 2022"]
[White "Xiong, Jeffery"]
[Black "Livaic, Leon"]
[WhiteFideId "2047640"]
[BlackFideId "14531534"]
[WhiteElo "2714"]
[BlackElo "2540"]
[Result "1-0"]
[Round "04"]
[TimeControl "180+1"]
[Date "2022.09.13"]
[WhiteClock "0:01:09"]
[BlackClock "0:00:08"]

1. e4 e6 2. d4 d5 3. e5 c5 4. c3 Nc6 5. Nf3 Bd7 6. Be2 Nge7 7. Na3 cxd4 8. cxd4 Nf5 9. Nc2 Nb4 10. Nxb4 Bxb4+ 11. Bd2 Qa5 12. a3 Bxd2+ 13. Qxd2 Qxd2+ 14. Kxd2 O-O-O 15. Bd3 Ne7 16. Ng5 Rdf8 17. Nxh7 Rxh7 18. Bxh7 g6 19. h4 Rh8 20. h5 Rxh7 21. hxg6 Rxh1 22. Rxh1 Nxg6 23. Rh7 Be8 24. Ke3 Kd8 25. g4 Ke7 26. f4 Bd7 27. Rh5 Kd8 28. f5 exf5 29. gxf5 Ne7 30. Kf4 Nc6 31. Rh7 Nxd4 32. e6 Nxe6+ 33. fxe6 Bxe6 34. Ke5 Kd7 35. Rh1 Kc6 36. Rc1+ Kb6 37. Rc3 a5 38. Kd6 a4 39. Rd3 Kb5 40. Rd4 Bh3 41. Rb4+ Ka5 42. Rxb7 d4 43. Kc5 Ka6 44. Rxf7 d3 45. Rf3 d2 46. Rd3 Bd7 47. Rxd7 1-0


[Site "https://www.chess.com"]

[Event "Titled Tuesday Blitz September 13 Early 2022"]
[White "Zhigalko, Sergei"]
[Black "Bodnaruk, Anastasia"]
[WhiteFideId "13502956"]
[BlackFideId "4181751"]
[WhiteElo "2662"]
[BlackElo "2332"]
[Result "1-0"]
[Round "04"]
[TimeControl "180+1"]
[Date "2022.09.13"]
[WhiteClock "0:01:09"]
[BlackClock "0:00:04"]

1. e4 c5 2. Nf3 d6 3. d4 cxd4 4. Qxd4 Nc6 5. Bb5 Bd7 6. Bxc6 Bxc6 7. Nc3 Nf6 8. Bg5 e6 9. O-O-O Be7 10. Rhe1 O-O 11. Kb1 Qa5 12. Qd2 Qa6 13. Nd4 Rfd8 14. f3 b5 15. g4 b4 16. Nce2 Rab8 17. Ng3 Be8 18. Nh5 Qa5 19. h4 Rb6 20. Bxf6 Bxf6 21. Nxf6+ gxf6 22. Qh6 Ra6 23. Nf5 exf5 24. gxf5 Qxa2+ 25. Kc1 Qa1+ 26. Kd2 Qxb2 27. Rg1+ 1-0


[Site "https://www.chess.com"]

[Event "Titled Tuesday Blitz September 13 Early 2022"]
[White "Azadaliyev, Jahandar"]
[Black "Gurel, Ediz"]
[WhiteFideId "13425811"]
[BlackFideId "44507356"]
[WhiteElo "1810"]
[BlackElo "1894"]
[Result "0-1"]
[Round "05"]
[TimeControl "180+1"]
[Date "2022.09.13"]
[WhiteClock "0:00:12"]
[BlackClock "0:00:15"]

1. e4 c6 2. d4 d5 3. f3 e6 4. Nc3 Bb4 5. Bd2 Nf6 6. e5 Nfd7 7. a3 Be7 8. f4 c5 9. Nf3 Nc6 10. Be3 cxd4 11. Nxd4 O-O 12. Be2 Nxd4 13. Bxd4 Bc5 14. Qd2 f6 15. exf6 Bxd4 16. Qxd4 Qxf6 17. Qxf6 gxf6 18. O-O-O f5 19. g4 fxg4 20. Bxg4 Nf6 21. Bh3 Nh5 22. f5 Nf4 23. Bg4 h5 24. Rhg1 Kh8 25. Rdf1 e5 26. Bf3 d4 27. Nd5 Nxd5 28. Bxd5 Bxf5 29. Rg5 Bg4 30. Re1 Rae8 31. h3 Rf5 32. Rg6 Bxh3 33. Reg1 Bg4 34. Rh1 Ref8 35. Kd2 Rf2+ 36. Ke1 Re2+ 37. Kd1 Rh2+ 0-1


[Site "https://www.chess.com"]

[Event "Titled Tuesday Blitz September 13 Early 2022"]
[White "Bachmann, Axel"]
[Black "Andreikin, Dmitry"]
[WhiteFideId "3700488"]
[BlackFideId "4158814"]
[WhiteElo "2595"]
[BlackElo "2736"]
[Result "0-1"]
[Round "05"]
[TimeControl "180+1"]
[Date "2022.09.13"]
[WhiteClock "0:00:26"]
[BlackClock "0:00:24"]

1. Nf3 Nf6 2. c4 g6 3. b3 Bg7 4. Bb2 O-O 5. g3 a6 6. Bg2 b5 7. d3 Bb7 8. O-O c5 9. Nc3 b4 10. Na4 d6 11. d4 Nbd7 12. d5 a5 13. Qc2 e5 14. dxe6 fxe6 15. Rfd1 Qe7 16. a3 Ne4 17. axb4 axb4 18. Nd2 Bxb2 19. Qxb2 Ndf6 20. Nxe4 Bxe4 21. Bxe4 Nxe4 22. f3 Nf6 23. Qd2 d5 24. Qe3 d4 25. Qe5 Nd7 26. Qe4 Ra7 27. Nb2 Ra3 28. Nd3 Qd6 29. Rxa3 bxa3 30. Ra1 Qa6 31. Nf4 Rf6 32. g4 g5 33. Nd3 h6 34. h4 a2 35. hxg5 hxg5 36. Ne5 Nf8 37. Qc2 Qd6 38. Qe4 Rf4 0-1


[Site "https://www.chess.com"]

[Event "Titled Tuesday Blitz September 13 Early 2022"]
[White "Bluebaum, Matthias"]
[Black "Ibrahimli, Murad"]
[WhiteFideId "24651516"]
[BlackFideId "13410229"]
[WhiteElo "2633"]
[BlackElo "2109"]
[Result "1-0"]
[Round "05"]
[TimeControl "180+1"]
[Date "2022.09.13"]
[WhiteClock "0:00:20"]
[BlackClock "0:00:08"]

1. d4 Nf6 2. c4 e6 3. Nc3 Bb4 4. e3 d5 5. Bd2 O-O 6. Nf3 c5 7. a3 Bxc3 8. Bxc3 Ne4 9. Rc1 Nxc3 10. Rxc3 cxd4 11. Nxd4 dxc4 12. Bxc4 Qe7 13. O-O Bd7 14. Be2 Nc6 15. Bf3 Ne5 16. Bxb7 Rab8 17. Nf3 Rxb7 18. Nxe5 Bb5 19. Re1 f6 20. Nf3 e5 21. Qc2 Rfb8 22. b4 Be8 23. Rc5 Rd7 24. h3 Rbd8 25. a4 Bg6 26. Qc3 Rd3 27. Qc1 Bh5 28. Nd4 Qf7 29. Rc7 Qa2 30. Nf5 Rd1 31. Rc8 Rxe1+ 32. Qxe1 Rxc8 33. Ne7+ Kf7 34. Nxc8 Qxa4 35. Qc3 Qd1+ 36. Kh2 Qd7 37. Qc5 a6 38. Nd6+ Ke6 39. Ne4 Kf7 40. Qc4+ Kg6 41. g4 Bxg4 42. hxg4 Qxg4 43. Qd3 f5 44. Qd6+ Kh5 45. Ng3+ Kg5 46. Qxe5 g6 47. Qe7+ Kh6 48. Qf8+ Kg5 49. f4+ 1-0


[Site "https://www.chess.com"]

[Event "Titled Tuesday Blitz September 13 Early 2022"]
[White "Bykhovsky, Anatoly"]
[Black "Perez Gormaz, Matias"]
[WhiteFideId "2806991"]
[BlackFideId "3406342"]
[WhiteElo "2540"]
[BlackElo "2341"]
[Result "1/2-1/2"]
[Round "05"]
[TimeControl "180+1"]
[Date "2022.09.13"]
[WhiteClock "0:00:25"]
[BlackClock "0:00:11"]

1. Nf3 d5 2. g3 Nd7 3. Bg2 e5 4. O-O Ngf6 5. d3 Bd6 6. c4 dxc4 7. dxc4 O-O 8. Nc3 Re8 9. b3 h6 10. Bb2 e4 11. Nd4 e3 12. f4 Bf8 13. Qc2 c6 14. Rfd1 Qa5 15. a3 Nb6 16. Ne4 Nxe4 17. Bxe4 Qh5 18. Bf3 Qh3 19. Qc3 Bg4 20. Bg2 Qh5 21. Nf3 Nd7 22. b4 a5 23. c5 Nf6 24. Qc4 Be6 25. Qc2 a4 26. Bxf6 Bb3 27. Qc3 Bxd1 28. Rxd1 gxf6 29. Qxf6 Bg7 30. Qd6 Rad8 31. Qxd8 Rxd8 32. Rxd8+ Kh7 33. Rd3 Qf5 34. Rxe3 Qb1+ 35. Kf2 Qb2 36. Ne5 Bxe5 37. fxe5 Qd4 38. Bh3 Kg7 39. Bc8 b6 40. cxb6 Qxb6 41. e6 fxe6 42. Bxe6 c5 43. bxc5 Qxc5 44. Bg4 h5 45. Bh3 Qd4 46. Kf3 Qd5+ 47. Kf2 Qd4 48. Bg2 Qc5 49. Be4 Qd4 50. Kf3 Qf6+ 51. Kg2 Qd4 52. Kf2 Qc5 53. Bd3 Qd4 54. Kf3 Qf6+ 55. Kg2 Qd4 56. Re4 Qd5 57. Kf2 Qc5+ 58. Kg2 Qxa3 59. Bb5 Qc5 60. Bxa4 Qd5 61. Kf3 Qf5+ 62. Rf4 Qd5+ 63. Kf2 Qc5+ 64. Kf1 Qc1+ 65. Kg2 Qc5 66. Bb3 Qc6+ 67. Kf2 Qc5+ 68. Kg2 Qc6+ 69. Rf3 Qe4 70. Bd1 h4 71. gxh4 Qxh4 72. Bc2 Qd4 73. Bf5 Kh6 74. Rh3+ Kg5 75. Rf3 Qb6 76. Bd3 Qc6 77. Kf2 Qb6+ 78. Kf1 Qc6 79. Rg3+ Kf6 80. Rf3+ Ke5 81. h4 Qh6 82. h5 Qxh5 83. Rf5+ Qxf5+ 84. Bxf5 Kxf5 85. Ke1 Ke5 86. Kd1 Kd5 87. Kc1 Kc5 88. Kd2 Kd4 89. Kc2 Ke3 90. Kd1 Ke4 91. Kd2 Kd4 92. e3+ Ke4 93. Ke2 Ke5 94. Kf3 Kf5 95. e4+ Ke5 96. Ke3 Ke6 97. Kd4 Kd6 98. e5+ Ke6 99. Ke4 Ke7 100. Kd5 Kd7 101. e6+ Ke7 102. Ke5 Ke8 103. Kf6 Kf8 104. e7+ Ke8 105. Ke6 1/2-1/2


[Site "https://www.chess.com"]

[Event "Titled Tuesday Blitz September 13 Early 2022"]
[White "Cardoso Cardoso, Jose Gabriel"]
[Black "Koellner, Ruben Gideon"]
[WhiteFideId "4430492"]
[BlackFideId "12993093"]
[WhiteElo "2485"]
[BlackElo "2286"]
[Result "1-0"]
[Round "05"]
[TimeControl "180+1"]
[Date "2022.09.13"]
[WhiteClock "0:00:08"]
[BlackClock "0:00:03"]

1. Nf3 d6 2. d4 Nf6 3. Bg5 Nbd7 4. Nbd2 h6 5. Bxf6 Nxf6 6. e4 e5 7. c3 exd4 8. Nxd4 g6 9. Bb5+ c6 10. Bd3 Bg7 11. O-O O-O 12. h3 Re8 13. Re1 Qc7 14. N2f3 Bd7 15. Qc2 Rad8 16. Rad1 Bc8 17. Bc4 d5 18. exd5 Rxe1+ 19. Rxe1 Nxd5 20. Qe4 Qd6 21. Bxd5 Qxd5 22. Qxd5 cxd5 23. Re7 Kf8 24. Rc7 Bf6 25. Nb5 a6 26. Na7 Be6 27. Rxb7 Rd6 28. Nd4 Bd7 29. Rb8+ Kg7 30. Nc8 Bxc8 31. Rxc8 Bxd4 32. cxd4 Rb6 33. Rc2 Rb4 34. Rd2 Kf6 35. Kf1 Kf5 36. Ke2 Ke4 37. f3+ Kf4 38. Kf2 Rb6 39. g3+ Kf5 40. Ke3 Re6+ 41. Kf2 Rc6 42. Re2 Kf6 43. Ke3 Rc1 44. Kd3 Rd1+ 45. Kc3 Rc1+ 46. Kd2 Rg1 47. g4 Rg3 48. h4 Rxf3 49. Re5 Rf4 50. g5+ Kg7 51. Rxd5 Rxh4 52. a4 hxg5 53. b4 g4 54. b5 axb5 55. axb5 f5 56. b6 Rh8 57. Ke3 Kf6 58. b7 Rb8 59. Rb5 g5 60. Rb6+ Ke7 61. Rg6 Kf7 62. Rh6 Kg7 63. Rb6 Kf7 64. d5 Ke7 65. Rg6 Kf7 66. Rh6 Kg7 67. Rb6 Kf7 68. Kd4 g3 69. Ke3 f4+ 70. Kf3 Ke7 71. Rg6 Kf7 72. Rh6 Kg7 73. Rb6 Kf7 74. Rh6 Kg7 75. Rb6 Kh7 76. d6 Kg7 77. d7 Kf7 78. d8=Q Rxd8 79. b8=Q Rxb8 80. Rxb8 Kf6 81. Rb5 Kg6 82. Kg4 Kf6 83. Rf5+ Ke6 84. Rxg5 f3 85. Kxf3 g2 86. Rxg2 1-0


[Site "https://www.chess.com"]

[Event "Titled Tuesday Blitz September 13 Early 2022"]
[White "Donchenko, Alexander"]
[Black "Halkias, Stelios"]
[WhiteFideId "24603295"]
[BlackFideId "4201809"]
[WhiteElo "2572"]
[BlackElo "2453"]
[Result "1-0"]
[Round "05"]
[TimeControl "180+1"]
[Date "2022.09.13"]
[WhiteClock "0:00:06"]
[BlackClock "0:00:04"]

1. Nf3 Nf6 2. g3 g6 3. Bg2 Bg7 4. O-O O-O 5. d4 d6 6. b3 a5 7. a4 Nc6 8. Bb2 Nd7 9. Nbd2 Re8 10. e4 e5 11. d5 Nb4 12. Ne1 Nf6 13. c3 Na6 14. Nd3 b6 15. b4 Bd7 16. Qc2 h5 17. Nb3 axb4 18. cxb4 h4 19. Rfc1 Nh5 20. Bc3 f5 21. Be1 hxg3 22. hxg3 f4 23. b5 Nc5 24. Nbxc5 bxc5 25. Rcb1 Qg5 26. Qd2 Reb8 27. Ra3 Bh6 28. Bf3 Rxb5 29. axb5 Rxa3 30. b6 cxb6 31. Rxb6 fxg3 32. Qxg5 Bxg5 33. Rxd6 Rxd3 34. Rxg6+ Ng7 35. Be2 Rd2 36. Bxd2 Bxd2 37. fxg3 Kf8 38. g4 Ne8 39. Kg2 Ke7 40. g5 Ba4 41. Re6+ Kf8 42. Rxe5 Bc2 43. Kf3 Nd6 44. g6 Kg7 45. Re7+ Kh6 46. g7 Kh7 47. e5 Nf5 48. Rf7 Nd4+ 49. Kf2 Bg6 50. Rc7 Bf4 51. d6 Bxe5 52. Bc4 1-0


[Site "https://www.chess.com"]

[Event "Titled Tuesday Blitz September 13 Early 2022"]
[White "Gokerkan, Cem Kaan"]
[Black "Grover, Sahaj"]
[WhiteFideId "6336760"]
[BlackFideId "5021103"]
[WhiteElo "2364"]
[BlackElo "2432"]
[Result "1-0"]
[Round "05"]
[TimeControl "180+1"]
[Date "2022.09.13"]
[WhiteClock "0:00:12"]
[BlackClock "0:00:17"]

1. e4 c6 2. d4 d5 3. e5 c5 4. dxc5 e6 5. Be3 Nd7 6. Bb5 Ne7 7. Nf3 Nf5 8. Bf4 Bxc5 9. O-O O-O 10. Bd3 Qb6 11. Bxf5 exf5 12. Nc3 Qxb2 13. Nxd5 Nb6 14. Nc7 Rb8 15. e6 fxe6 16. Re1 Qb4 17. Nxe6 Bxe6 18. Bxb8 Bd5 19. Bc7 Bc6 20. Ne5 Bxf2+ 21. Kxf2 Qc5+ 22. Kf1 Bb5+ 23. Nd3 Qxc7 24. Kg1 f4 25. Rf1 Nc4 26. Qf3 Nd2 27. Qd5+ Kh8 28. Qxb5 Nxf1 29. Rxf1 h6 30. Qc5 Qb8 31. Qf2 Kh7 32. h3 b6 33. Qf3 Qe8 34. Nxf4 Qa4 35. Qd3+ Kg8 36. Qb3+ 1-0


[Site "https://www.chess.com"]

[Event "Titled Tuesday Blitz September 13 Early 2022"]
[White "Harsha Bharathakoti"]
[Black "Atakhan, Abtin"]
[WhiteFideId "5078776"]
[BlackFideId "22502203"]
[WhiteElo "2523"]
[BlackElo "2087"]
[Result "1-0"]
[Round "05"]
[TimeControl "180+1"]
[Date "2022.09.13"]
[WhiteClock "0:00:13"]
[BlackClock "0:00:04"]

1. Nf3 Nf6 2. c4 g6 3. b3 Bg7 4. Bb2 O-O 5. g3 d6 6. d4 c6 7. Bg2 Bf5 8. O-O Qd7 9. Nc3 Bh3 10. e4 Bxg2 11. Kxg2 Qc7 12. Re1 e5 13. Qd2 a5 14. Rad1 Nbd7 15. d5 c5 16. Nb5 Qb6 17. Nh4 a4 18. Bc3 axb3 19. axb3 Ra6 20. Qc2 Ne8 21. Ra1 Nc7 22. Nxc7 Qxc7 23. Rxa6 bxa6 24. Ra1 Qb6 25. Ba5 Qb7 26. Ra3 Bf6 27. Nf3 Bd8 28. Bc3 f5 29. exf5 Rxf5 30. Qa2 Nb8 31. Nd2 Qd7 32. Ne4 Rh5 33. f3 Qh3+ 34. Kg1 Be7 35. Qg2 Qd7 36. g4 Rh4 37. Be1 Rh6 38. Bd2 Rh4 39. Qg3 Qd8 40. Kg2 Kg7 41. Bc3 h5 42. h3 hxg4 43. fxg4 Rh8 44. Ra2 Rf8 45. Rf2 Nd7 46. Rxf8 Qxf8 47. Qe3 Qb8 48. Ba5 Qf8 49. Bd2 Kg8 50. Qh6 Qf7 51. Ba5 Qe8 52. Bc7 Bf8 53. Qg5 Be7 54. Qe3 Qf8 55. Qf3 Qh6 56. Bxd6 Bxd6 57. Nxd6 Qd2+ 58. Kg3 Nf8 59. Qf7+ Kh8 60. Qxf8+ Kh7 61. Qf7+ Kh6 62. Qf8+ Kh7 63. Qe7+ Kg8 64. Qe6+ Kh7 65. Qxe5 Qd3+ 66. Kg2 Qd2+ 67. Kf3 Qd1+ 68. Qe2 Qh1+ 69. Kg3 Qg1+ 70. Kh4 Qd4 71. Qe7+ Kh6 72. Nf7+ Kg7 73. Ng5+ Kh6 74. Qh7# 1-0


[Site "https://www.chess.com"]

[Event "Titled Tuesday Blitz September 13 Early 2022"]
[White "Ibarra Jerez, Jose Carlos"]
[Black "Kucuksari, Kaan"]
[WhiteFideId "2226332"]
[BlackFideId "6380166"]
[WhiteElo "2627"]
[BlackElo "2305"]
[Result "1-0"]
[Round "05"]
[TimeControl "180+1"]
[Date "2022.09.13"]
[WhiteClock "0:00:06"]
[BlackClock "0:00:02"]

1. e4 c5 2. Nf3 e6 3. d4 cxd4 4. Nxd4 a6 5. c4 Nf6 6. Nc3 Qc7 7. a3 b6 8. Be3 Bb7 9. f3 d6 10. Rc1 Be7 11. Be2 Nbd7 12. b4 O-O 13. O-O Rac8 14. Qd2 Rfe8 15. Rc2 Qb8 16. Rb1 Bd8 17. Kh1 h5 18. Na4 h4 19. c5 dxc5 20. bxc5 bxc5 21. Nb3 h3 22. Nbxc5 Nxc5 23. Nxc5 hxg2+ 24. Kg1 Re7 25. Bxa6 Bc7 26. Kxg2 Bxh2 27. Kh1 Rxc5 28. Bxc5 Bf4 29. Qb4 Qe5 30. Bxe7 Qh5+ 31. Kg1 Bxa6 32. Qc3 Qg5+ 33. Kh1 Qh4+ 34. Kg1 Qg5+ 35. Rg2 Be3+ 36. Kh1 Qh5+ 37. Rh2 Qxf3+ 38. Rg2 Qh3+ 39. Rh2 Qf3+ 40. Rg2 Bf1 41. Qc2 Qh3+ 42. Rh2 Qf3+ 43. Rg2 Nxe4 44. Rb8+ Kh7 45. Rb4 Qh3+ 46. Rh2 Bg2+ 47. Qxg2 Ng3+ 48. Qxg3 Qxh2+ 49. Qxh2+ Kg6 50. Qg3+ Bg5 51. Qxg5+ Kh7 52. Qh5+ 1-0


[Site "https://www.chess.com"]

[Event "Titled Tuesday Blitz September 13 Early 2022"]
[White "Jobava, Baadur"]
[Black "Kalogeris, Ioannis"]
[WhiteFideId "13601520"]
[BlackFideId "4239563"]
[WhiteElo "2582"]
[BlackElo "2291"]
[Result "1-0"]
[Round "05"]
[TimeControl "180+1"]
[Date "2022.09.13"]
[WhiteClock "0:01:18"]
[BlackClock "0:00:12"]

1. b3 e5 2. Bb2 Nc6 3. Nf3 Qe7 4. e3 a6 5. c4 Nf6 6. Be2 g6 7. O-O Bg7 8. Nc3 O-O 9. Nd5 Qd6 10. Nxf6+ Qxf6 11. d4 d6 12. d5 Nb8 13. c5 Nd7 14. cxd6 Qxd6 15. e4 Rd8 16. Rc1 Nc5 17. Ba3 b6 18. Nd2 Bh6 19. Rc2 c6 20. Nc4 Qb8 21. Nxb6 Qxb6 22. Bxc5 Qb7 23. dxc6 Qc7 24. Qa1 Qxc6 25. Qxe5 Bg7 26. Qxg7+ Kxg7 27. Bf8+ Kxf8 28. Rxc6 Bb7 29. Rc7 Bxe4 30. f3 Bd5 31. Rd1 a5 32. Rc5 Be6 33. Rxd8+ Rxd8 34. Rxa5 Rd2 35. Kf2 Rb2 36. Ke3 h5 37. h4 Ke7 38. g3 Kd6 39. f4 Rb1 40. Bf3 Rg1 41. Kf2 Rb1 42. Be4 Rb2+ 43. Ke3 f5 44. Bf3 Rb1 45. Kd4 Rc1 46. Ra6+ Ke7 47. Be2 Re1 48. Bc4 Rd1+ 49. Kc5 Bxc4 50. Kxc4 Kf7 51. b4 Rg1 52. Ra3 Rc1+ 53. Rc3 Ra1 54. a3 Ke6 55. Rd3 Rc1+ 56. Kb5 Rc8 57. a4 Rb8+ 58. Kc4 Rc8+ 59. Kb3 Rb8 60. b5 1-0


[Site "https://www.chess.com"]

[Event "Titled Tuesday Blitz September 13 Early 2022"]
[White "Kamsky, Gata"]
[Black "Aradhya, Garg"]
[WhiteFideId "2000024"]
[BlackFideId "25006746"]
[WhiteElo "2666"]
[BlackElo "2223"]
[Result "1-0"]
[Round "05"]
[TimeControl "180+1"]
[Date "2022.09.13"]
[WhiteClock "0:00:13"]
[BlackClock "0:00:06"]

1. e4 e5 2. Nf3 Nf6 3. Nxe5 d6 4. Nf3 Nxe4 5. Qe2 Qe7 6. d3 Nf6 7. Bg5 Nc6 8. Bxf6 gxf6 9. Qxe7+ Bxe7 10. c3 Ne5 11. Nbd2 Bf5 12. d4 Nd3+ 13. Bxd3 Bxd3 14. O-O-O O-O-O 15. Rhe1 Bf8 16. Nh4 Bh6 17. g3 Rhe8 18. Rxe8 Rxe8 19. f4 Re2 20. Nhf3 Rf2 21. Re1 Kd7 22. Re3 Bg6 23. Kd1 Bh5 24. Ke1 Rg2 25. Re2 Rxe2+ 26. Kxe2 d5 27. Ke3 Bg6 28. g4 f5 29. g5 Bg7 30. Ne5+ Kd6 31. Nf1 f6 32. Nd3 b6 33. Ng3 h5 34. Ne1 h4 35. Nf1 Bh5 36. h3 fxg5 37. fxg5 c5 38. Ng2 Be8 39. Nd2 cxd4+ 40. cxd4 Bb5 41. Nf3 Bf1 42. Nfxh4 Ke6 43. Nf4+ Kd7 44. Nxf5 Bf8 45. g6 1-0


[Site "https://www.chess.com"]